 Dungeon Crawl Stone Soup version 0.24.0-13-gcf9b3192b9 (webtiles) character file.

Game seed: 8057862673589101924, levelgen mode: deterministic

678 Aviak the Skirmisher (level 7, -8/61 HPs)
             Began as a Green Draconian Abyssal Knight on Nov 10, 2019.
             Was a Priest of Lugonu.
             Mangled by an ice beast (11 damage)
             ... on level 5 of the Dungeon.
             The game lasted 00:06:30 (4317 turns).

Aviak the Skirmisher (DrAK)                         Turns: 4317, Time: 00:06:30

Health: -8/61      AC:  6    Str: 12 (14) XL:     7   Next: 34%
Magic:  10/10      EV: 11    Int: 15 (16) God:    Lugonu [***...]
Gold:   244        SH:  8    Dex: 12 (13) Spells: 6/6 levels left

rFire    . . .     SeeInvis .   a - +1 spear
rCold    . . .     Gourm    .   e - +0 shield
rNeg     . . .     Faith    .   (armour unavailable)
rPois    +         Spirit   .   (helmet restricted)
rElec    .         Reflect  .   (no cloak)
rCorr    .         Harm     .   (no gloves)
MR       .....                  (no boots)
Stlth    +.........             (no amulet)
HPRegen  0.20/turn              l - ring of flight (curse)
MPRegen  0.12/turn              h - +4 ring of intelligence

@: about to teleport, slowed, very slow
A: breathe noxious fumes, unfitting armour, poison resistance, cold-blooded, AC
+6
a: Breathe Noxious Fumes, Depart the Abyss, Bend Space, Banish, Renounce
Religion, Evoke Flight


You were on level 5 of the Dungeon.
You worshipped Lugonu.
Lugonu was most pleased with you.
You were not hungry.

You visited 1 branch of the dungeon, and saw 5 of its levels.
You visited the Abyss 1 time.

You collected 244 gold pieces.

Inventory:

Hand Weapons
 a - a +1 spear (weapon)
Armour
 e - a +0 shield (worn)
Jewellery
 h - a +4 ring of intelligence (right hand)
 l - a cursed ring of flight (left hand)
Wands
 q - a wand of acid (1)
 w - a wand of disintegration (19)
Scrolls
 d - a scroll of noise {!r!r}
 f - a scroll of amnesia
 g - 3 scrolls of remove curse {unknown}
 i - a scroll of enchant weapon {unknown}
 j - a scroll of enchant armour {unknown}
 m - 7 scrolls of identify {unknown}
 t - 3 scrolls of teleportation
 u - a scroll of random uselessness {unknown}
Potions
 k - a potion of haste {unknown}
 n - a potion of might {unknown}
 o - 2 potions of mutation {unknown}
 p - a potion of resistance {unknown}
 r - 2 potions of flight {unknown}
 s - a potion of lignification {unknown}
 v - a potion of brilliance {unknown}
 x - a potion of degeneration {!q!q}
Comestibles
 b - 9 rations


   Skills:
 + Level 5.3 Fighting
 + Level 4.2 Polearms
 + Level 4.0 Dodging
 + Level 2.3 Shields
 + Level 4.4 Invocations


You had 6 spell levels left.
You didn't know any spells.
Your spell library contained the following spells:

 Spells                   Type           Power        Failure   Level  Hunger
 Confusing Touch          Hex            #.....       80%         1    ##.....
 Confuse                  Hex            #.......     99%         3    ####...
 Gell's Gravitas          Tloc           #.........   99%         3    ####...
 Petrify                  Tmut/Erth      #.......     100%        4    #####..
 Metabolic Englaciation   Hex/Ice        #.........   100%        5    ######.
 Yara's Violent Unravell  Hex/Tmut       #.........   100%        5    ######.


Dungeon Overview and Level Annotations

Branches:
Dungeon (5/15)             Temple (0/1) D:4

Altars:
Gozag
Uskayaw
Zin


Innate Abilities, Weirdness & Mutations

You can breathe blasts of noxious fumes.
Your lurid green scales are hard. (AC +6)
You cannot fit into any form of body armour.
Your system is resistant to poisons. (rPois)
You are cold-blooded and may be slowed by cold attacks.


Message History

You feel better.
You have got your breath back.
The ice beast barely misses you.
It was a potion of degeneration.
There was something very wrong with that liquid.
You feel weakened.
You feel dopey.
You feel clumsy. The ice beast hits you. The ice beast freezes you!
* * * LOW HITPOINT WARNING * * *
The ice beast hits you.
* * * LOW HITPOINT WARNING * * *
The ice beast freezes you.
You feel as though you will be slow longer.
* * * LOW HITPOINT WARNING * * *
Unknown command.
As you read the scroll of teleportation, it crumbles to dust.
You feel strangely unstable. The ice beast hits you.
* * * LOW HITPOINT WARNING * * *
The ice beast freezes you!
You feel as though you will be slow longer.
You die...

## .# #######################.#
# #........@Y..°.°........# #
#.##.###.##############.#
########.##.# #.............##.#
##.....#.#..###########.###.##.#
...............# #..##.##.#
##..(..#.......## ##.....#.##
###.....<...#...### #.........
#.#.######)##.....# #.._..#.#.
#.#.###.........#.# #.....#.#.


You could see an ice beast.

Vanquished Creatures
  A phantom (D:4)
  2 scorpions (D:5)
  4 orc priests
  A bullfrog skeleton (D:4)
  3 orc wizards
  2 worker ants
  A hound zombie (D:5)
  3 gnolls (D:5)
  A howler monkey skeleton (D:5)
  7 adders
  An ooze (D:3)
  A dart slug (D:2)
  5 leopard geckos
  18 orcs
  5 bats
  6 giant cockroaches
  6 hobgoblins
  5 jackals
  3 quokkas
  A ball python skeleton (D:4)
  A frilled lizard (D:5)
  6 goblins
  A jackal skeleton (D:4)
  6 kobolds
  13 rats
103 creatures vanquished.

Notes
Turn   | Place    | Note
-------+----------+-------------------------------------------
     0 | Abyss:1  | Aviak the Draconian Abyssal Knight began the quest for the
                  | Orb.
     0 | Abyss:1  | Reached XP level 1. HP: 19/19 MP: 2/2
    54 | Abyss:1  | Noticed a green very ugly thing
    56 | D:1      | Escaped the Abyss
   135 | D:1      | Reached XP level 2. HP: 24/26 MP: 3/3
   188 | D:1      | Reached * piety under Lugonu
   484 | D:2      | Reached XP level 3. HP: 33/33 MP: 4/4
  1143 | D:3      | Reached skill level 4 in Fighting
  1143 | D:3      | Reached XP level 4. HP: 8/40 MP: 6/6
  1573 | D:3      | Reached ** piety under Lugonu
  1641 | D:3      | Reached XP level 5. HP: 28/46 MP: 7/7
  2493 | D:4      | Reached XP level 6. HP: 22/53 MP: 8/8
  2501 | D:4      | Found a staircase to the Ecumenical Temple.
  2507 | D:4      | HP: 1/53 [orc wizard/magic dart (7)]
  2904 | D:4      | Reached skill level 1 in Shields
  3186 | D:4      | Found an opulent altar of Gozag.
  3187 | D:4      | Found a glowing silver altar of Zin.
  3286 | D:5      | Entered Level 5 of the Dungeon
  3342 | D:5      | Reached skill level 5 in Fighting
  3693 | D:5      | Your scales start taking on a lurid green colour.
  3693 | D:5      | Reached XP level 7. HP: 19/61 MP: 10/10
  3693 | D:5      | Gained mutation: Your system is resistant to poisons.
                  | (rPois) [Green Draconian growth]
  4162 | D:5      | Reached *** piety under Lugonu
  4244 | D:5      | Found a hide-covered altar of Uskayaw.
  4317 | D:5      | HP: 3/61 [ice beast (2)]
  4317 | D:5      | Mangled by an ice beast

Levels and vault maps discovered:
D:1:      roderic_chinese_lattice_arrival, layout_basic
D:2:      layout_basic, minmay_large_rounded_square
D:3:      minmay_diamond_boxcup, layout_basic
D:4:      layout_gridville, grunt_temple_overflow_gold_and_silver,
          minmay_temple_entry_waves
D:5:      layout_basic, first_ration, basic_altar, lemuel_blue_sif_altar

Skill      XL: |  1  2  3  4  5  6  7 |
---------------+----------------------+-----
Fighting       | 4 5 |  5.3
Invocations    | 3 4 |  4.4
Polearms       | 3 4 |  4.2
Dodging        | 3 4 |  4.0
Shields        | 1 2 |  2.3

Action                   |  1- 3 |  4- 6 |  7- 9 || total
-------------------------+-------+-------+-------++-------
Melee: Spear             |   161 |   276 |    64 ||   501
       Tailslap          |    14 |    30 |     7 ||    51
Invok: Depart the Abyss  |     1 |       |       ||     1
 Abil: Breathe Noxious F |       |       |     4 ||     4
Evoke: Wand              |       |     1 |     1 ||     2
  Use: Potion            |       |     8 |     2 ||    10
       Scroll            |       |     3 |     1 ||     4
 Stab: Sleeping          |     2 |     2 |       ||     4
       Invisible         |       |     4 |       ||     4
       Confused          |       |       |     2 ||     2
  Eat: Chunk             |       |     9 |     3 ||    12
Armor: Skin              |    40 |    64 |     7 ||   111
Dodge: Dodged            |    79 |   140 |    16 ||   235
Block: Shield            |       |    57 |    13 ||    70
